AoeStats
← Tr3vorTW

Coastal Forest

510570402Analyzed
4v4 RM · 9h ago on Oct 1, 2026· 48m 45s· 8 players
Game mode
Random Map
Map size
Large (8 player)
Population
200
Speed
Normal
Resources
Standard
Victory
Conquest
Starting age
Dark Age
Ending age
Imperial Age
RankedLock teamsTeams togetherTeam positionsShared explorationLock speedFull tech treeHidden civsTurbo modeCheats
Victory
Defeat
989
+16
🇹🇼 Mongols · Taiwan
981
+17
🇹🇼 Huns · Taiwan
965
+17
🇦🇷 Goths · Argentina
948
+18
🇬🇧 Danes · United Kingdom
1044
-19
🇵🇪 Varangians · Peru
995
-17
🇺🇸 Mapuche · United States
991
-17
🇺🇸 Romans · United States
951
-15
TireTinTin
9:39 Feudal Age
10:49 Double-Bit Axe
12:41 Horse Collar
18:48 Castle Age
17:36 Gold Mining
19:56 Heavy Plow
21:35 Wheelbarrow
21:04 Pikeman
21:46 Squires
25:28 Forging
30:19 Imperial Age
28:50 Bow Saw
30:10 Hand Cart
29:40 Loom
30:02 Treadmill Crane
30:13 Man-at-Arms
30:50 Long Swordsman
32:12 Two-Handed Swordsman
32:44 Fletching
33:32 Iron Casting
32:56 Stone Mining
33:47 Ballistics
34:28 Chemistry
32:52 Champion
33:19 Capped Ram
34:10 Scale Mail Armor
38:04 Stone Shaft Mining
39:15 Conscription
39:02 Elite Skirmisher
40:36 Murder Holes
40:12 Halberdier
41:27 Perfusion
45:41 Anarchy
cooldaban
0:28 Loom
11:27 Feudal Age
17:29 Castle Age
16:21 Bloodlines
16:06 Double-Bit Axe
17:52 Gold Mining
20:41 Stone Mining
22:04 Wheelbarrow
23:21 Scale Barding Armor
25:39 Gold Shaft Mining
26:08 Forging
29:32 Horse Collar
30:17 Marauders
30:58 Chain Barding Armor
31:13 Iron Casting
31:47 Husbandry
32:04 Bow Saw
37:02 Imperial Age
36:31 Hand Cart
37:10 Iron Casting
36:24 Town Watch
38:30 Plate Barding Armor
38:55 Blast Furnace
39:26 Two-Man Saw
38:29 Murder Holes
38:43 Elite Tarkan
40:38 Atheism
39:52 Sappers
42:15 Caravan
42:21 Scale Mail Armor
48:28 Padded Archer Armor
48:18 Fletching
Tr3vorTW
6:56 Loom
9:08 Feudal Age
9:48 Double-Bit Axe
9:46 Horse Collar
23:27 Castle Age
21:32 Gold Mining
22:39 Bloodlines
25:19 Bow Saw
25:11 Heavy Plow
25:29 Scale Barding Armor
25:55 Light Cavalry
28:20 Forging
29:13 Wheelbarrow
29:45 Husbandry
31:26 Fletching
31:56 Chain Barding Armor
32:17 Iron Casting
33:05 Hand Cart
35:02 Thumb Ring
36:39 Bodkin Arrow
36:45 Padded Archer Armor
39:52 Imperial Age
37:34 Nomads
38:39 Ballistics
38:16 Murder Holes
38:43 Leather Archer Armor
40:02 Hussar
41:04 Conscription
41:46 Elite Mangudai
43:24 Bracer
46:12 Drill
瘦死的骆驼比马大
11:34 Feudal Age
15:55 Castle Age
14:24 Double-Bit Axe
17:00 Bow Saw
21:54 Horse Collar
23:58 Heavy Plow
24:35 Wheelbarrow
23:47 Loom
24:38 Stone Mining
24:38 Gold Mining
30:15 Imperial Age
29:15 Hand Cart
29:51 Scale Barding Armor
29:57 Forging
30:21 Cavalier
31:02 Husbandry
31:12 Bloodlines
31:24 Chain Barding Armor
31:52 Gold Shaft Mining
31:52 Stone Shaft Mining
31:41 Savar
35:11 Plate Barding Armor
35:16 Conscription
36:09 Iron Casting
39:23 Light Cavalry
43:09 Caravan
43:40 Coinage
43:20 Guilds
44:27 Town Watch
47:25 Banking
monarch8
9:12 Loom
11:23 Feudal Age
15:37 Double-Bit Axe
18:28 Castle Age
19:12 Wheelbarrow
18:22 Town Watch
27:22 Gold Mining
30:07 Stone Mining
31:36 Hand Cart
32:49 Town Watch
32:56 Horse Collar
33:53 Bow Saw
37:09 Imperial Age
36:50 Ballistas
38:12 Gold Shaft Mining
37:28 Heavy Scorpion
39:35 Ballistics
39:39 Capped Ram
44:52 Siege Ram
44:53 Onager
46:13 Heavy Plow
47:13 Fortified Wall
48:04 Chemistry
Komfy Kaiju
12:43 Feudal Age
14:27 Double-Bit Axe
14:26 Horse Collar
16:49 Castle Age
18:05 Loom
23:18 Heavy Plow
23:32 Bow Saw
23:15 Gold Mining
25:48 Fletching
25:58 Padded Archer Armor
29:34 Ballistics
28:55 Treadmill Crane
29:49 Bodkin Arrow
30:10 Leather Archer Armor
35:00 Imperial Age
33:13 Wheelbarrow
32:26 Town Watch
32:22 Champi Runner
32:49 Arson
33:19 Forging
33:10 Scale Mail Armor
33:25 Malon
35:16 Gold Shaft Mining
35:47 Iron Casting
35:28 Chain Mail Armor
35:01 Elite Bolas Rider
36:45 Chemistry
35:11 Champi Warrior
35:56 Caravan
36:29 Conscription
36:49 Hoardings
38:54 Elite Kona
44:18 Butalmapu
Narcoxs
7:27 Loom
11:40 Feudal Age
16:26 Castle Age
17:40 Double-Bit Axe
19:58 Horse Collar
22:25 Fishing Lines
23:57 Wheelbarrow
24:05 Scale Mail Armor
24:47 Forging
26:18 Pikeman
27:02 Squires
26:49 Arson
27:22 Chain Mail Armor
27:42 Iron Casting
30:39 Imperial Age
32:27 Plate Mail Armor
32:58 Blast Furnace
33:24 Bow Saw
33:48 Hand Cart
33:36 Heavy Plow
33:20 Hamask
34:21 Conscription
36:45 Elite Jomsviking
37:38 Gambesons
37:14 Halberdier
41:16 Northmen's Fury
43:39 Onager
44:48 Siege Engineers
45:44 Chemistry
45:04 Ballistics
44:40 Murder Holes
0204isaias
8:43 Loom
10:59 Feudal Age
13:14 Double-Bit Axe
21:58 Castle Age
24:19 Bloodlines
25:08 Pikeman
27:42 Forging
33:18 Horse Collar
43:39 Heavy Plow
43:52 Bow Saw
Connection lost

Rejoining the realm…

Still unreachable

The connection could not be restored.

Session expired

The server has moved on; the page needs a fresh start.